 Dungeon Crawl Stone Soup version 0.17.0-28-g6e173f8 (console) character file.

956 Kloppie the Skirmisher (level 7, -15/66 HPs)
             Began as a Minotaur Fighter on Nov 23, 2015.
             Demolished by a red ugly thing (16 damage)
             ... on level 6 of the Dungeon.
             The game lasted 00:07:46 (4585 turns).

Kloppie the Skirmisher (Minotaur Fighter)           Turns: 4585, Time: 00:07:46

Health: -15/66     AC: 11    Str: 26    XL:     7   Next: 91%
Magic:  6/6        EV:  6    Int:  5    God:
Gold:   328        SH: 12    Dex: 11    Spells: 0 memorised, 6 levels left

rFire  . . .     SeeInvis +     a - +1 war axe
rCold  . . .     Clarity  .     g - +1 chain mail
rNeg   + . .     SustAt   .     i - +2 shield
rPois  .         Gourm    .     (helmet restricted)
rElec  .         Spirit   .     (no cloak)
rCorr  .         Warding  .     (no gloves)
rMut   +         Stasis   .     (no boots)
MR     .....                    m - amulet of resist mutation
Stlth  ..........               B - ring of positive energy
                                l - ring of see invisible

@: mighty, lethally poisoned (-15 -> -17), slowed, very slow, not resistant to
hostile enchantments, extremely unstealthy
A: retaliatory headbutt, horns 2
a: no special abilities


You were on level 6 of the Dungeon.
You were not hungry.

You visited 1 branch of the dungeon, and saw 6 of its levels.
You also visited: Ossuary.

You collected 489 gold pieces.
You spent 161 gold pieces at shops.

Inventory:

Hand Weapons
 a - a +1 war axe (weapon)
Armour
 b - a +0 scale mail
 g - a +1 chain mail (worn)
 i - a +2 shield (worn)
Jewellery
 l - a ring of see invisible (left hand)
 m - an amulet of resist mutation (around neck)
 n - a +4 ring of intelligence
 p - an uncursed ring of flight
 B - a ring of positive energy (right hand)
 N - an uncursed ring of ice {unknown}
Scrolls
 f - 4 scrolls of remove curse
 o - a scroll of immolation
 t - 2 scrolls of amnesia
 x - 3 scrolls of identify
 A - a scroll of magic mapping
Potions
 c - a potion of mutation
 j - 2 potions of curing
 q - 6 potions of heal wounds
 r - a potion of resistance
 u - 2 potions of flight {unknown}
 D - a potion of ambrosia {unknown}
 E - 2 potions of berserk rage {unknown}
 F - a potion of cure mutation {unknown}
 G - a potion of lignification {unknown}
 I - a potion of haste {unknown}
 J - a potion of invisibility {unknown}
 K - a potion of degeneration {unknown}
Books
 C - a book of the Tempests

   Spells                             Type                      Level
   a - Static Discharge               Conjuration/Air              3
   b - Lightning Bolt                 Conjuration/Air              5
   c - Fireball                       Conjuration/Fire             5
   d - Tornado                        Air                          9
   e - Shatter                        Earth                        9
Comestibles
 e - 4 bread rations
 h - 3 meat rations
 s - a royal jelly
 v - 3 fruits


   Skills:
 + Level 7.3 Fighting
 + Level 6.6 Axes
 + Level 7.2 Armour
 - Level 3.6 Shields


You had 6 spell levels left.
You didn't know any spells.

Dungeon Overview and Level Annotations

Branches:
Dungeon (6/15)
 Temple: D:4-7

Altars:
Dithmenos
Kikubaaqudgha
Nemelex Xobeh
Okawaru
Trog
Vehumet
Yredelemnul
The Shining One

Shops:
D:6 *

Annotations:
D:5 SaintRoka's ghost, novice HOHu


Innate Abilities, Weirdness & Mutations

You reflexively headbutt those who attack you in melee.
You have a pair of horns on your head.


Message History

You feel sick. You block the red ugly thing's attack.
You block the red ugly thing's attack.
Your shield and chain mail prevent you from hitting the red ugly thing.
The red ugly thing is almost dead.
You feel sick. You block the red ugly thing's attack.
The red ugly thing closely misses you.
You barely miss the red ugly thing.
Your headbutt misses the red ugly thing.
The red ugly thing is almost dead.
You slash the deep elf mage!
The deep elf mage is heavily wounded.
You feel sick. The red ugly thing pecks you.
* * * LOW HITPOINT WARNING * * *
You are engulfed in flames!
* * * LOW HITPOINT WARNING * * *
The deep elf mage hits you but does no damage.
The red ugly thing pecks you!
* * * LOW HITPOINT WARNING * * *
You are engulfed in flames!
You die...

≈..≈ ## ♣..♣ # ♣..♣ ###
♣..♣ ##.# ##########
♣..♣ ####...
.........## ♣..♣
+.<.... ######...##
♣..♣ ####... ##.###.##
♣u.♣ ##.# ##.## ##.##
#@'# #§# #.## ##.###e.#
#§§ #.# #.##..####+##
#§# #.## ##.#.........#
#§# ##.##
##.##.######..# #§#
##.###.###.# ###..#####
#..
##....###.####........#
#.#
####.................#
#.# #####.###.........#
#.#


You could see a red ugly thing and a deep elf mage.

Vanquished Creatures
  2 ogres (D:4)
  A crimson imp (D:5)
  2 orc priests (D:3)
  2 hounds
  Ijyb (D:3)
  A centaur skeleton (D:4)
  Terence (D:3)
  3 orc wizards
  4 worker ants
  A killer bee zombie (D:3)
  A big kobold zombie (Ossuary)
  8 mummies (Ossuary)
  A worker ant zombie (D:5)
  10 adders
  A white imp (D:4)
  3 oozes
  An adder skeleton (D:5)
  4 worms
  6 giant geckos
  11 orcs
  8 bats
  6 giant cockroaches
  3 hobgoblins
  2 jackals (D:2)
  7 kobolds
  5 ball pythons
  3 giant newts
  7 goblins
  2 goblin zombies (D:4)
  3 hobgoblin zombies
  3 kobold skeletons (D:4)
  4 kobold zombies
  3 orc zombies (Ossuary)
  2 quokkas
  9 rats
131 creatures vanquished.

Notes
Turn   | Place    | Note
--------------------------------------------------------------
     0 | D:1      | Kloppie the Minotaur Fighter began the quest for the Orb.
     0 | D:1      | Reached XP level 1. HP: 19/19 MP: 0/0
   224 | D:1      | Reached XP level 2. HP: 27/27 MP: 1/1
   312 | D:1      | Reached skill level 4 in Fighting
   718 | D:2      | Reached XP level 3. HP: 30/33 MP: 2/2
   899 | D:2      | Found a radiant altar of Vehumet.
   902 | D:2      | Found a basalt altar of Yredelemnul.
   902 | D:2      | Found a sparkling altar of Nemelex Xobeh.
   902 | D:2      | Found a shadowy altar of Dithmenos.
  1180 | D:2      | Reached XP level 4. HP: 41/41 MP: 3/3
  1216 | D:2      | Found a bloodstained altar of Trog.
  1217 | D:2      | Found an iron altar of Okawaru.
  1760 | D:3      | Reached skill level 5 in Armour
  1796 | D:3      | Reached XP level 5. HP: 42/47 MP: 4/4
  1983 | D:3      | Noticed Terence
  1992 | D:3      | Killed Terence
  1992 | D:3      | Reached skill level 5 in Fighting
  2406 | D:4      | Found an ancient bone altar of Kikubaaqudgha.
  2427 | D:3      | Noticed Ijyb
  2440 | D:3      | Killed Ijyb
  2440 | D:3      | Reached XP level 6. HP: 49/56 MP: 5/5
  2801 | D:3      | Reached skill level 5 in Axes
  3106 | D:4      | Reached skill level 6 in Armour
  3293 | D:4      | Found a glowing golden altar of the Shining One.
  3302 | D:4      | Noticed an ogre
  3309 | D:4      | Killed an ogre
  3462 | D:4      | Reached XP level 7. HP: 60/63 MP: 6/6
  3527 | D:4      | Noticed an ogre
  3530 | D:4      | Killed an ogre
  3764 | D:5      | Entered Level 5 of the Dungeon
  3893 | D:5      | Reached skill level 7 in Armour
  3972 | D:5      | Noticed SaintRoka's ghost (novice HOHu)
  4145 | D:6      | Found a sand-covered staircase.
  4150 | Ossuary  | Entered an ossuary
  4486 | D:6      | Found Hetzuly's Assorted Antiques.
  4491 | D:6      | Bought a scroll labeled XUNEPNUEGH for 23 gold pieces
  4491 | D:6      | Bought a large onyx ring for 115 gold pieces
  4491 | D:6      | Bought a scroll labeled ZIYM IJUHOTZU for 23 gold pieces
  4571 | D:6      | Noticed a deep elf mage
  4571 | D:6      | Noticed a red ugly thing
  4585 | D:6      | HP: 1/66 [red ugly thing (10)]
  4585 | D:6      | Demolished by a red ugly thing

Action                   |  1- 3 |  4- 6 |  7- 9 || total
-------------------------+-------+-------+-------++-------
Melee: War axe           |    77 |   144 |    98 ||   319
  Use: Scroll            |       |     6 |    10 ||    16
       Potion            |       |     3 |     1 ||     4
  Eat: Chunk             |     1 |     5 |     1 ||     7
       Fruit             |       |     3 |     2 ||     5
       Beef jerky        |       |       |     1 ||     1
